 Seeded DCSS version 0.28-a0-1404-g4df0f3684d (webtiles) character file.

Game seed: 20220105 (custom seed)

732 flotson the Ducker (level 7, -4/54 HPs)
             Began as a Demonspawn Gladiator on Jan 5, 2022.
             Slain by a black bear (6 damage)
             ... on level 4 of the Dungeon.
             The game lasted 00:04:54 (4008 turns).

flotson the Ducker (Demonspawn Gladiator)           Turns: 4008, Time: 00:04:55

Health: -4/54      AC:  8    Str: 16    XL:     7   Next: 45%
Magic:  7/7        EV: 13    Int:  9    God:
Gold:   177        SH:  0    Dex: 15    Spells: 6/6 levels left

rFire   . . .      SeeInvis .   a - +0 halberd (flame)
rCold   . . .      Faith    .   (shield currently unavailable)
rNeg    . . .      Spirit   .   b - +3 leather armour
rPois   .          Reflect  .   (helmet restricted)
rElec   .          Harm     .   p - +0 cloak
rCorr   .          Rampage  .   (no gloves)
Will    .....                   (no boots)
Stlth   +.........              (no amulet)
HPRegen 0.18/turn               k - ring of flight
MPRegen 0.10/turn               (no ring)

@: flying
A: antennae 2, foul stench 1, sharp scales 1
a: no special abilities


You were on level 4 of the Dungeon.
You visited 1 branch of the dungeon, and saw 5 of its levels.

You collected 177 gold pieces.

Inventory:

Hand Weapons
 a - a +0 halberd of flaming (weapon)
Missiles
 d - 2 throwing nets (quivered)
 m - 17 poisoned darts
 q - 3 boomerangs
Armour
 b - a +3 leather armour (worn)
 p - a +0 cloak (worn)
Jewellery
 k - a ring of flight (left hand)
 l - a ring of ice
Scrolls
 f - a scroll of acquirement {unknown}
 h - 6 scrolls of identify {unknown}
 j - a scroll of fog {unknown}
 r - a scroll of noise {unknown}
 s - a scroll of holy word {unknown}
 t - a scroll of blinking {unknown}
 u - a scroll of enchant armour {unknown}
 v - a scroll of teleportation {unknown}
Potions
 c - a potion of mutation {unknown}
 e - 5 potions of flight {unknown}
 g - 3 potions of curing {unknown}
 i - a potion of heal wounds {unknown}
 n - a potion of haste {unknown}
 o - 2 potions of magic {unknown}
 w - a potion of lignification {unknown}


   Skills:
 + Level 4.1 Fighting
 + Level 4.3 Axes
 + Level 3.7 Throwing
 + Level 3.1 Armour
 + Level 4.3 Dodging


You had 6 spell levels left.
You didn't know any spells.
Your spell library contained the following spells:

 Spells                   Type           Power      Damage    Failure   Level
 Dazzling Flash           Conj/Hex       0%         N/A       82%         3
 Iskenderun's Mystic Bla  Conj/Tloc      0%         2d3       99%         4
 Starburst                Conj/Fire      0%         6d3       100%        6


Dungeon Overview and Level Annotations

Branches:
Dungeon (5/15)
 Temple: D:4-7

Altars:
Qazlal

Shops:
D:5 [

Annotations:
D:5 Edmund


Innate Abilities, Weirdness & Mutations

You have a pair of antennae on your head.
You may rarely emit foul miasma when damaged in melee.
You are partially covered in razor-sharp scales. (AC +1, Slay +1)


Message History

The black bear is moderately wounded.
The black bear barely misses you. The black bear closely misses you. x2
You hit the black bear. You burn the black bear.
The black bear is severely wounded.
The black bear bites you but does no damage.
The black bear claws you but does no damage.
The black bear misses you.
The black bear bites you but does no damage.
The black bear claws you but does no damage.
The black bear claws you.
You hit the black bear. You burn the black bear.
The black bear is almost dead.
The black bear goes berserk!
A necrophage comes into view.
You barely miss the black bear.
The black bear is almost dead.
The black bear bites you.
* * * LOW HITPOINT WARNING * * *
The black bear completely misses you. The black bear barely misses you. x2
The black bear claws you.
* * * LOW HITPOINT WARNING * * *
The black bear claws you but does no damage.
You hit the black bear but do no damage.
The black bear is almost dead.
The black bear bites you but does no damage.
The black bear barely misses you. x4; The black bear claws you.
* * * LOW HITPOINT WARNING * * *
You closely miss the black bear.
The black bear is almost dead.
The black bear bites you.
* * * LOW HITPOINT WARNING * * *
The black bear closely misses you.
The black bear claws you but does no damage.
The black bear bites you but does no damage.
The black bear claws you but does no damage.
The black bear barely misses you.
You closely miss the black bear.
The black bear is almost dead.
The black bear bites you.
You die...

...######........####.#####......
...##..>...........##............
...##......)..................#.#
#####.........................#.#
#......(.)...##...........#.#
#............#####...#....#.#
#......#####n# #...####.#.#
#......# #h# ##### #.#.# ########
#@# #.#.# #.# #.#.#
#.############.#.#
#...)..........#.#
################.# #..........#.#
#.########.#.# #.#....#.#.#.#
#####).......#.#.#


You could see a black bear (berserk) and a necrophage.

Vanquished Creatures
  A necrophage (D:4)
  An ogre (D:4)
  2 black bears (D:4)
  A scorpion (D:4)
  A bullfrog skeleton (D:5)
  A hound (D:4)
  Crazy Yiuf (D:2)
  Jessica (D:2)
  An iguana (D:4)
  A hound skeleton (D:4)
  7 adders
  3 gnolls
  2 worms
  2 dart slugs
  10 orcs (D:4)
  8 ball pythons
  4 endoplasms
  3 giant cockroaches
  3 goblins
  8 hobgoblins
  5 kobolds
  2 quokkas
  5 bats
  2 frilled lizards
  2 rats
77 creatures vanquished.

Notes
Turn   | Place    | Note
-------+----------+-------------------------------------------
     0 | D:1      | flotson the Demonspawn Gladiator began the quest for the
                  | Orb.
     0 | D:1      | Reached XP level 1. HP: 16/16 MP: 1/1
   145 | D:1      | Gained mutation: You may rarely emit foul miasma when
                  | damaged in melee. [demonic ancestry]
   145 | D:1      | Reached XP level 2. HP: 22/22 MP: 2/2
   767 | D:2      | Gained mutation: You have a pair of small antennae on your
                  | head. [demonic ancestry]
   767 | D:2      | Reached XP level 3. HP: 21/28 MP: 3/3
   938 | D:2      | Reached skill level 1 in Armour
   968 | D:2      | Noticed Jessica
   977 | D:2      | Killed Jessica
   978 | D:2      | Gained mutation: You are partially covered in razor-sharp
                  | scales. (AC +1, Slay +1) [demonic ancestry]
   978 | D:2      | Reached XP level 4. HP: 34/34 MP: 4/4
  1139 | D:2      | Found a faded altar of an unknown god.
  1631 | D:2      | Found a runed translucent door.
  1632 | D:2      | Noticed Crazy Yiuf
  1643 | D:2      | Killed Crazy Yiuf
  1703 | D:3      | Reached XP level 5. HP: 40/40 MP: 5/5
  2558 | D:4      | Noticed a black bear
  2562 | D:4      | Killed a black bear
  2718 | D:4      | Gained mutation: You have a pair of antennae on your head.
                  | [demonic ancestry]
  2718 | D:4      | Reached XP level 6. HP: 47/47 MP: 6/6
  2891 | D:4      | Found a stormy altar of Qazlal.
  3454 | D:4      | Reached XP level 7. HP: 43/53 MP: 7/7
  3816 | D:5      | Entered Level 5 of the Dungeon
  3816 | D:5      | Found Aguumeta's Armour Boutique.
  3965 | D:5      | Noticed Edmund
  4007 | D:4      | HP: 1/54 [black bear (6)]
  4008 | D:4      | Slain by a black bear

Illustrated notes

Levels and vault maps discovered:
D:1:      tarquinn_simple_flora_water_e, layout_basic
D:2:      layout_loops_ring, shapermc_ecumenical_altar_notcrosses, uniq_jessica,
          uniq_crazy_yiuf_cottage
D:3:      layout_loops_ring
D:4:      layout_basic, lemuel_coloured_pillars_altar, nicolae_zen_rock_garden
D:5:      layout_cave_pools, minmay_temple_entry_slanted, serial_shops,
          nicolae_stop_n_shop_1, uniq_edmund

Skill      XL: |  1  2  3  4  5  6  7 |
---------------+----------------------+-----
Throwing       | 2 3 |  3.7
Axes           | 3 4 |  4.3
Dodging        | 3 4 |  4.3
Armour         | 1 2 3 |  3.1
Fighting       | 3 4 |  4.1

Action                   |  1- 3 |  4- 6 |  7- 9 || total
-------------------------+-------+-------+-------++-------
Melee: War axe           |    11 |       |       ||    11
       Dagger            |    45 |    42 |       ||    87
       Punch             |     1 |       |       ||     1
       Quarterstaff      |       |    35 |       ||    35
       Halberd           |       |    63 |    35 ||    98
Throw: Throwing net      |       |     1 |       ||     1
Armor: Leather armour    |    15 |    48 |    26 ||    89
       Robe              |     2 |       |       ||     2
Dodge: Dodged            |    41 |    91 |    41 ||   173

Table legend: (Time is in decaauts)
 A = Elapsed time spent in this place.
 B = Non-inter-level travel time spent in this place.
 C = Inter-level travel time spent in this place.
 D = Time resting spent in this place.
 E = Time spent auto-exploring this place.
 F = Levels seen in this place.
 G = Mean time per level.
                   A        B        C        D        E       F      G
               +--------+--------+--------+--------+--------+-----+--------+
         Total |   4059 |   3911 |    148 |    132 |   3088 |   5 |  811.8 |
       Dungeon |   4059 |   3911 |    148 |    132 |   3088 |   5 |  811.8 |
               +--------+--------+--------+--------+--------+-----+--------+

Top non-repeatable levels by time:
     D:4: 1331 daAuts
     D:2: 1077 daAuts
     D:3: 749 daAuts
     D:1: 745 daAuts
     D:5: 156 daAuts
